 Dungeon Crawl Stone Soup version 0.18.1-48-g4cf74bf (webtiles) character file.

1105 nikopol the Firebug (level 8, -1/41 HPs)
             Began as a Gargoyle Fire Elementalist on Aug 11, 2016.
             Slain by a centaur (6 damage)
             ... on level 6 of the Dungeon on Aug 12, 2016.
             The game lasted 00:35:41 (4912 turns).

nikopol the Firebug (Gargoyle Fire Elementalist)    Turns: 4912, Time: 00:35:42

Health: -1/41      AC:  9    Str: 12    XL:     8   Next: 32%
Magic:  4/15       EV: 12    Int: 18    God:
Gold:   238        SH:  0    Dex: 10    Spells: 4 memorised, 4 levels left

rFire  . . .     SeeInvis .     j - +0 short sword
rCold  . . .     Gourm    .     a - +0 robe
rNeg   + . .     Faith    .     (no shield)
rPois  ∞         Spirit   .     (no helmet)
rElec  +         Dismiss  .     (no cloak)
rCorr  .         Reflect  .     h - +1 pair of gloves
SustAt .         Harm     .     (no boots)
MR     .....                    s - amulet of magic regeneration
Stlth  ++........               (no ring)
                                (no ring)

@: very slightly contaminated, not resistant to hostile enchantments, unstealthy
A: negative energy resistance 1, electricity resistance, unbreathing,
petrification resistance, rot immunity, AC +5
a: no special abilities


You were on level 6 of the Dungeon.
You were hungry.

You visited 1 branch of the dungeon, and saw 6 of its levels.

You collected 238 gold pieces.

Inventory:

Hand Weapons
 j - a +0 short sword (weapon)
Armour
 a - a +0 robe (worn)
 h - a +1 pair of gloves (worn)
Jewellery
 s - an amulet of magic regeneration (around neck)
Wands
 B - a wand of slowing (9/48)
Scrolls
 e - a scroll of teleportation
 g - 6 scrolls of identify
 i - 2 scrolls of remove curse
 l - a scroll of amnesia
 m - a scroll of immolation {unknown}
 o - a scroll of blinking {unknown}
 t - 3 scrolls of magic mapping {unknown}
 u - 2 scrolls of enchant armour {unknown}
 y - a scroll of fog {unknown}
 A - a scroll of recharging {unknown}
Potions
 n - a potion of degeneration
 p - a potion of agility {unknown}
 q - 2 potions of haste {unknown}
 r - a potion of cure mutation {unknown}
 v - 2 potions of flight {unknown}
 w - a potion of curing {unknown}
 z - a potion of mutation {unknown}
Books
 b - a book of Flames

   Spells                             Type                      Level
   a - Flame Tongue                   Conjuration/Fire             1
   b - Throw Flame                    Conjuration/Fire             2
   c - Conjure Flame                  Conjuration/Fire             3
   d - Inner Flame                    Hexes/Fire                   3
   e - Sticky Flame                   Conjuration/Fire             4
   f - Fireball                       Conjuration/Fire             5
 C - a book of the Tempests

   Spells                             Type                      Level
   a - Static Discharge               Conjuration/Air              3
   b - Lightning Bolt                 Conjuration/Air              5
   c - Fireball                       Conjuration/Fire             5
   d - Tornado                        Air                          9
   e - Shatter                        Earth                        9
Comestibles
 c - 5 bread rations
 d - 2 meat rations


   Skills:
 + Level 2.1 Dodging
 + Level 2.8 Stealth
 + Level 5.2 Spellcasting
 + Level 5.8 Conjurations
 + Level 6.1 Fire Magic


You had 4 spell levels left.
You knew the following spells:

 Your Spells              Type           Power        Failure   Level  Hunger
a - Flame Tongue          Conj/Fire      ####.        1%          1    None
b - Conjure Flame         Conj/Fire      ####....     3%          3    ##.....
c - Sticky Flame          Conj/Fire      ####....     14%         4    ####...
d - Fireball              Conj/Fire      ####......   34%         5    ######.


Dungeon Overview and Level Annotations

Branches:
Dungeon (6/15)             Temple (0/1) D:4

Altars:
Okawaru


Innate Abilities, Weirdness & Mutations

You are resistant to torment.
Your stone body is resilient (AC +5).
You are immune to poison.
You resist negative energy.
You are resistant to electric shocks.
You can survive without breathing.
You are immune to petrification.
You are immune to rotting.


Message History

The centaur barely misses you.
The centaur hits you but does no damage.
Casting: Flame Tongue
Confirm with . or Enter, or press ? or * to list all spells.
Aiming: Flame Tongue
Press: ? - help, Shift-Dir - straight line, f/p - centaur
Aim: a centaur (almost dead)
The flame tongue misses the centaur.
The flame tongue hits the orc.
You kill the orc!
The centaur hits you!
* * * LOW HITPOINT WARNING * * *
Casting: Flame Tongue
Confirm with . or Enter, or press ? or * to list all spells.
Aiming: Flame Tongue
Press: ? - help, Shift-Dir - straight line, f/p - centaur
Aim: a centaur (almost dead)
The flame tongue hits the centaur.
The centaur is almost dead.
The centaur barely misses you. The centaur hits you.
You die...

.# # #####...# #.
#(......# #.. #@#
###...#####c#
.......c...)#
....>..............
............(.....#
###...######(....##
#... .....# #...
#...## #). #.##


You could see a centaur.

Vanquished Creatures
  Edmund (D:4)
  A black bear (D:6)
  A phantom (D:5)
  An ogre (D:5)
  A scorpion (D:5)
  The ghost of Situis the Ruffian, a weakling DrTm (D:4)
  A jelly (D:6)
  2 hounds (D:4)
  A giant frog skeleton (D:6)
  4 orc wizards
  Natasha (D:2)
  2 iguanas
  A worker ant (D:5)
  A hound skeleton (D:4)
  11 gnolls
  6 adders
  2 oozes
  3 worms
  2 dart slugs (D:1)
  5 giant geckos
  24 orcs
  3 giant cockroaches
  5 goblins
  3 hobgoblins
  10 jackals
  8 kobolds
  4 quokkas
  3 ball pythons
  9 bats
  A giant gecko zombie (D:5)
  A giant newt (D:1)
  4 rats
123 creatures vanquished.

Notes
Turn   | Place    | Note
--------------------------------------------------------------
     0 | D:1      | nikopol the Gargoyle Fire Elementalist began the quest for the Orb.
     0 | D:1      | Reached XP level 1. HP: 10/10 MP: 3/3
   131 | D:1      | Reached XP level 2. HP: 8/15 MP: 0/5
   927 | D:2      | Reached XP level 3. HP: 18/19 MP: 0/6
  1695 | D:2      | Reached XP level 4. HP: 24/24 MP: 2/8
  2020 | D:2      | Noticed Natasha
  2025 | D:2      | Killed Natasha
  2105 | D:3      | Reached skill level 4 in Fire Magic
  2182 | D:3      | Reached XP level 5. HP: 28/28 MP: 3/9
  2739 | D:3      | Learned a level 3 spell: Conjure Flame
  2744 | D:3      | Learned a level 4 spell: Sticky Flame
  2923 | D:4      | Noticed Situis's ghost (weakling DrTm)
  2940 | D:4      | Killed Situis's ghost
  2940 | D:4      | Reached XP level 6. HP: 32/32 MP: 1/11
  3234 | D:4      | Found a staircase to the Ecumenical Temple.
  3658 | D:4      | Reached skill level 5 in Fire Magic
  3662 | D:4      | Found an iron altar of Okawaru.
  3663 | D:4      | Noticed Edmund
  3712 | D:4      | Killed Edmund
  3712 | D:4      | Reached XP level 7. HP: 36/36 MP: 0/13
  3788 | D:5      | Entered Level 5 of the Dungeon
  4168 | D:5      | Reached skill level 5 in Conjurations
  4531 | D:5      | Reached XP level 8. HP: 37/41 MP: 8/15
  4552 | D:5      | Learned a level 5 spell: Fireball
  4678 | D:5      | Reached skill level 5 in Spellcasting
  4877 | D:6      | Reached skill level 6 in Fire Magic
  4912 | D:6      | Slain by a centaur

Skill      XL: |  1  2  3  4  5  6  7  8 |
---------------+-------------------------+-----
Conjurations   | 2 3 4 5 |  5.8
Fire Magic     | 4 5 6 |  6.1
Spellcasting   | 3 4 5 |  5.2
Dodging        | 2 |  2.1
Stealth        | |  2.8

Action                   |  1- 3 |  4- 6 |  7- 9 || total
-------------------------+-------+-------+-------++-------
Melee: Short sword       |     2 |       |       ||     2
 Cast: Flame Tongue      |    52 |   160 |   101 ||   313
       Conjure Flame     |       |     5 |     1 ||     6
  Use: Scroll            |       |       |     6 ||     6
  Eat: Chunk             |     3 |     7 |     3 ||    13
Armor: Robe              |    14 |    32 |    28 ||    74
Dodge: Dodged            |    39 |    57 |    32 ||   128
